 Dungeon Crawl Stone Soup version 0.29.0-13-gc9e81de378 (webtiles) character file.

Game seed: 18086955396394311950

13871 enile the Ogre Mage (level 12, -9/126 HPs)
             Began as an Ogre Fire Elementalist on Sept 8, 2022.
             Was a Priest of Ignis.
             Mangled by a manticore (16 damage)
             ... on level 2 of the Lair of Beasts.
             The game lasted 00:26:26 (20189 turns).

enile the Ogre Mage (Ogre Fire Elementalist)       Turns: 20189, Time: 00:26:27

Health: -9/126     AC:  3    Str: 15    XL:     12   Next: 10%
Magic:  6/26       EV: 10    Int: 20    God:    Ignis [***...]
Gold:   239        SH:  0    Dex:  9    Spells: 15/31 levels left

rFire   + . .      SeeInvis +   Y - +6 sling (flame)
rCold   . . .      Faith    .   q - orb {mayhem}
rNeg    . . .      Spirit   .   a - +0 robe
rPois   .          Reflect  .   Z - +0 mask of the Dragon {Will+ Slay+3 SInv}
rElec   .          Harm     .   (no cloak)
rCorr   .          Rampage  .   (gloves unavailable)
Will    ++...                   (boots unavailable)
Stlth   +.........              O - amulet of magic regeneration
HPRegen 0.31/turn               G - ring of wizardry
MPRegen 0.60/turn               (no ring)

@: studying Shields
A: large, unfitting armour, tough skin 1
a: Renounce Religion, Fiery Armour, Foxfire Swarm, Rising Flame


You were on level 2 of the Lair of Beasts.
You worshipped Ignis.
Ignis was most pleased with you.
You visited 2 branches of the dungeon, and saw 13 of its levels.
You also visited: Ossuary.

You collected 833 gold pieces.
You spent 594 gold pieces at shops.

Inventory:

Hand Weapons
 h - a +0 dagger
 n - a +1 vorpal hand axe
 r - a +0 dagger of speed
 K - a +0 glaive
 M - a +2 halberd of freezing
 P - the +4 shortbow of the Poles {venom, Int+5}
   (You took it off an orc on level 9 of the Dungeon)

   Any ammunition fired from it poisons the flesh of those it strikes.
   Int:       It affects your intelligence (+5).
 Y - a +6 sling of flaming (weapon)
Armour
 a - a +0 robe (worn)
 e - a +2 hat
 q - an orb of mayhem (worn)
 S - a +0 kite shield
 Z - the +0 mask of the Dragon (worn) {Will+ Slay+3 SInv}
   (You found it on level 1 of the Lair of Beasts)

   Slay:      It affects your accuracy & damage with ranged weapons and melee
   (+3).
   SInv:      It lets you see invisible.
   Will:      It increases your willpower.
Magical Staves
 v - a staff of earth
Jewellery
 G - a ring of wizardry (left hand)
 O - an amulet of magic regeneration (around neck)
 R - an amulet of reflection
 V - a ring of ice
Wands
 b - a wand of mindburst (22)
 w - a wand of flame (4)
 L - a wand of iceblast (11)
 Q - a wand of charming (6)
 W - a wand of digging (5)
Scrolls
 c - 3 scrolls of immolation
 i - 3 scrolls of amnesia
 j - 2 scrolls of fog
 k - 3 scrolls of blinking
 l - 2 scrolls of noise
 o - 2 scrolls of magic mapping
 s - 7 scrolls of teleportation
 t - 4 scrolls of brand weapon {unknown}
 u - 3 scrolls of enchant armour
 x - 2 scrolls of torment {unknown}
 y - 5 scrolls of silence {unknown}
 E - 4 scrolls of enchant weapon {unknown}
 I - 2 scrolls of poison {unknown}
 N - 5 scrolls of identify
 U - 2 scrolls of vulnerability {unknown}
Potions
 d - a potion of degeneration
 f - 5 potions of lignification {unknown}
 g - 2 potions of heal wounds
 m - 5 potions of curing
 p - 3 potions of resistance {unknown}
 z - 2 potions of flight {unknown}
 A - 3 potions of haste {unknown}
 B - 2 potions of ambrosia {unknown}
 C - 3 potions of mutation {unknown}
 D - a potion of berserk rage {unknown}
 F - 2 potions of attraction {unknown}
 H - 2 potions of brilliance {unknown}
 J - 2 potions of cancellation {unknown}
 T - a potion of might {unknown}
Miscellaneous
 X - a phantom mirror (inert)


   Skills:
 - Level 10.0 Fighting
 - Level 3.0 Axes
 - Level 3.5 Dodging
 - Level 1.4 Stealth
 - Level 8.0 Shields
 - Level 10.0 Spellcasting
 + Level 4.8 Conjurations
 - Level 9.0 Fire Magic
 - Level 7.0 Evocations


You had 15 spell levels left.
You knew the following spells:

 Your Spells              Type           Power      Damage    Failure   Level
a - Fireball              Conj/Fire      18%        3d9       4%          5
b - Scorch                Fire           92%        2d9       1%          2
c - Sticky Flame          Conj/Fire      37%        2d6       1%          4
d - Summon Small Mammal   Summ           40%        N/A       2%          1
e - Inner Flame           Hex/Fire       28%        N/A       1%          3
f - Foxfire               Conj/Fire      100%       2x1d9     1%          1

Your spell library contained the following spells:

 Spells                   Type           Power      Damage    Failure   Level
 Static Discharge         Conj/Air       19%        3-6/arc   1%          2
 Conjure Flame            Conj/Fire      37%        6-21      1%          3
 Flame Wave               Conj/Fire      37%        2d10      1%          4
 Sublimation of Blood     Necr           10%        N/A       4%          2
 Wereblood                Tmut           10%        N/A       4%          2
 Call Canine Familiar     Summ           10%        N/A       9%          3
 Summon Guardian Golem    Hex/Summ       10%        N/A       9%          3
 Iskenderun's Battlesphe  Conj           29%        2d8       11%         5
 Airstrike                Air            5%         2d(1-17)  26%         4
 Dispel Undead            Necr           10%        3d9       26%         4
 Summon Ice Beast         Ice/Summ       10%        N/A       26%         4
 Summon Lightning Spire   Summ/Air       10%        N/A       26%         4
 Lightning Bolt           Conj/Air       9%         1d22      26%         5
 Freezing Cloud           Conj/Ice/Air   8%         6-21      36%         5
 Summon Mana Viper        Hex/Summ       10%        N/A       56%         5
 Conjure Ball Lightning   Conj/Air       9%         3x3d6     80%         6
 Orb of Destruction       Conj           14%        9d7       95%         7
 Simulacrum               Ice/Necr       5%         N/A       98%         6
 Monstrous Menagerie      Summ           5%         N/A       100%        7
 Summon Hydra             Summ           5%         N/A       100%        7
 Maxwell's Capacitive Co  Air            5%         ∞         100%        8
 Polar Vortex             Ice            5%         N/A       100%        9


Dungeon Overview and Level Annotations

Branches:
Dungeon (11/15)            Temple (0/1) D:4            Lair (2/5) D:10
    Orc (0/2) D:9         Ossuary (visited)
  Swamp: Lair:2-3    Shoals: Lair:2-3     Snake: Lair:2-3    Spider: Lair:2-3

Altars:
Cheibriados
Dithmenos
Elyvilon
Gozag
Makhleb
Nemelex Xobeh
Trog
Uskayaw
Xom
Zin
Ignis

Shops:
D:1 :   D:5 =   D:6 :

Annotations:
D:11 exclusion: oklob plant


Innate Abilities, Weirdness & Mutations

You are too large for most types of armour.
You have tough skin. (AC +1)


Message History

You feel much better.
The wolf bites something!
The wolf bites the manticore!
The wolf bites you!
* * * LOW HITPOINT WARNING * * *
The wolf barely misses the manticore.
Something bites the wolf!
Casting: Sticky Flame (mildly dangerous; 1% risk of failure)
Confirm with . or Enter, or press ? or * to list all spells.
Aiming: Sticky Flame (mildly dangerous; 1% risk of failure)
Press: ? - help, Shift-Dir - straight line, f - wolf
Aim: a wolf (heavily wounded, 100% to hit)
The sticky flame hits the wolf!
The wolf is almost dead.
The wolf is covered in liquid flames!
The wolf burns!
You kill the wolf!
The manticore flies into a frenzy!
The wolf bites the manticore.
The wolf bites something!
Something bites the wolf!
The wolf bites the manticore.
The manticore bites the wolf!!!
The wolf dies!
Aiming: Mindburst
Press: ? - help, Shift-Dir - straight line, f - manticore
Aim: a manticore (moderately wounded, fast, strong, frenzied and insane, not watching you, chance to affect: 73%)
The manticore struggles to resist.
The manticore misses the wind drake.
The manticore claws the wind drake.
The manticore claws the wind drake!
Aiming: Mindburst
Press: ? - help, Shift-Dir - straight line, f/p - manticore
Aim: a manticore (moderately wounded, fast, strong, frenzied and insane, not watching you, chance to affect: 73%)
The manticore struggles to resist.
You hear a loud, deep croak!
The manticore bites the wind drake!!!
The wind drake dies!
Aiming: Mindburst
Press: ? - help, Shift-Dir - straight line, f/p - manticore
Aim: a manticore (moderately wounded, fast, strong, frenzied and insane, chance to affect: 73%)
The manticore's mind is blasted!!
A cane toad comes into view.
The manticore bites you!
* * * LOW HITPOINT WARNING * * *
The manticore claws you!
* * * LOW HITPOINT WARNING * * *
The manticore claws you!
You die...

## #.# #.# #.# #.#
#.## #@## ##H##
###.## .
.#.##.#..#######...
.......<...........
...........$†......
......)............
..P.........F......
#..P###.#####.P....


You could see a cane toad and a neutral manticore (fast, strong, insane).

Vanquished Creatures
  A hydra (Lair:1)
  2 two-headed ogres
  A wizard (D:10)
  4 cane toads (Lair:1)
  2 komodo dragons (Lair:1)
  A kobold demonologist (D:9)
  A troll (D:11)
  A polar bear (Lair:1)
  2 hornets
  3 large abominations (D:10)
  A wraith (Ossuary)
  2 wyverns
  14 yaks
  2 steam dragons (D:6)
  An acid dragon (D:10)
  A water moccasin (Lair:1)
  7 small abominations (D:10)
  2 black bears
  A sky beast (D:6)
  An ice beast (D:6)
  2 orc warriors (D:9)
  An ogre (D:4)
  4 wolves (Lair:2)
  3 centaurs
  3 kobold brigands
  An elf zombie (Ossuary)
  7 bullfrogs
  5 scorpions
  4 wights
  10 killer bees
  3 howler monkeys
  4 hounds
  7 jellies
  A gnoll bouda (D:5)
  An orc priest (D:4)
  Natasha (twice) (D:3)
  An iguana (D:5)
  3 orc wizards
  4 mummies
  6 adders
  12 gnolls
  2 river rats (D:6)
  5 white imps
  An ufetubus (D:4)
  2 worms
  2 dart slugs
  19 orcs
  7 ball pythons
  16 endoplasms
  4 giant cockroaches
  6 hobgoblins
  A quokka (D:4)
  4 bats
  5 frilled lizards
  2 gnoll zombies (Ossuary)
  6 goblins
  3 goblin zombies
  A hobgoblin zombie (Ossuary)
  22 kobolds
  A kobold zombie (Ossuary)
  11 rats
  A rat zombie (D:6)
255 creatures vanquished.

Vanquished Creatures (collateral kills)
  A wind drake (Lair:2)
  3 yaks
  A wolf (Lair:2)
  2 killer bees (D:9)
  A gnoll (D:11)
  4 orcs
  2 endoplasms (D:11)
  3 kobolds
17 creatures vanquished.

Vanquished Creatures (others)
  A yak (Lair:1)
  A gnoll sergeant (D:11)
  2 jellies
  3 orcs (D:9)
  4 endoplasms (D:11)
  3 kobolds
  A butterfly (D:10)
  161 foxfires
  8 fungi
  A plant (Lair:1)
185 creatures vanquished.

Grand Total: 457 creatures vanquished

Notes
Turn   | Place    | Note
-------+----------+-------------------------------------------
     0 | D:1      | enile the Ogre Fire Elementalist began the quest for the
                  | Orb.
     0 | D:1      | Reached XP level 1. HP: 16/16 MP: 3/3
    77 | D:1      | Reached skill level 1 in Fighting
   192 | D:1      | Found Fif Meag's Book Shoppe.
   388 | D:1      | Reached XP level 2. HP: 28/28 MP: 2/5
   391 | D:1      | Learned a level 2 spell: Scorch
   997 | D:2      | Reached XP level 3. HP: 35/35 MP: 0/7
  1906 | D:2      | Reached XP level 4. HP: 44/44 MP: 3/10
  2224 | D:3      | Noticed Natasha
  2231 | D:3      | Killed Natasha
  2652 | D:3      | Found a glowing silver altar of Zin.
  2714 | D:3      | Found a faded altar of an unknown god.
  2734 | D:3      | Noticed Natasha
  2741 | D:3      | Killed Natasha
  2742 | D:3      | Reached XP level 5. HP: 50/54 MP: 3/11
  2800 | D:3      | Prayed at the altar of an unknown god.
  2800 | D:3      | Became a worshipper of Ignis, the Dying Flame
  3034 | D:3      | Found a burning altar of Makhleb.
  3450 | D:4      | Reached skill level 5 in Spellcasting
  3859 | D:4      | Noticed a black bear
  3977 | D:4      | Reached XP level 6. HP: 62/62 MP: 5/14
  4038 | D:4      | Noticed a black bear
  4044 | D:4      | Learned a level 3 spell: Inner Flame
  4087 | D:4      | Killed a black bear
  4268 | D:4      | Reached skill level 5 in Fighting
  4583 | D:4      | Learned a level 1 spell: Summon Small Mammal
  4687 | D:4      | Reached XP level 7. HP: 75/75 MP: 10/16
  4733 | D:4      | Found a staircase to the Ecumenical Temple.
  4920 | D:5      | Entered Level 5 of the Dungeon
  5083 | D:5      | Found Nadwef's Jewellery Shoppe.
  5142 | D:5      | Found a shimmering altar of Xom.
  5364 | D:5      | Reached skill level 1 in Evocations
  5513 | D:5      | Found a sparkling altar of Nemelex Xobeh.
  5597 | D:5      | Found a snail-covered altar of Cheibriados.
  5860 | D:6      | Found a sand-covered staircase.
  5881 | Ossuary  | Entered an ossuary
  5881 | Ossuary  | Noticed a wraith
  5881 | Ossuary  | Noticed a wraith
  5881 | Ossuary  | Noticed a wraith
  6208 | Ossuary  | Reached XP level 8. HP: 67/83 MP: 12/17
  6402 | Ossuary  | Noticed a wraith
  6409 | Ossuary  | Killed a wraith
  6843 | D:6      | Found a sparkling altar of Nemelex Xobeh.
  6868 | D:6      | Found a shadowy altar of Dithmenos.
  7321 | D:6      | Reached skill level 5 in Fire Magic
  7560 | D:6      | Found a bloodstained altar of Trog.
  7723 | D:6      | Found Fuzoyqi's Book Shop.
  7751 | D:6      | Reached skill level 5 in Evocations
  7937 | D:5      | Reached XP level 9. HP: 56/93 MP: 2/19
  9336 | D:7      | Learned a level 4 spell: Sticky Flame
  9529 | D:7      | Found a hide-covered altar of Uskayaw.
  9769 | D:7      | Found an opulent altar of Gozag.
 10314 | D:8      | Reached skill level 1 in Conjurations
 11955 | D:8      | Noticed a two-headed ogre
 11996 | D:8      | Killed a two-headed ogre
 11997 | D:8      | Reached XP level 10. HP: 54/102 MP: 5/22
 12738 | D:9      | Noticed a two-headed ogre
 12764 | D:9      | Killed a two-headed ogre
 13277 | D:9      | Found a staircase to the Orcish Mines.
 13290 | D:9      | Identified the +4 shortbow of the Poles {venom, Int+5}
 13321 | D:9      | Reached skill level 10 in Spellcasting
 13777 | D:9      | Noticed a kobold demonologist
 13783 | D:9      | Noticed a smoke demon
 13784 | D:9      | Killed a kobold demonologist
 13882 | D:9      | Paralysed by a hornet for 3 turns
 14138 | D:10     | Entered Level 10 of the Dungeon
 14361 | D:10     | Paralysed by a hornet for 3 turns
 14366 | D:10     | Paralysed by a hornet for 2 turns
 14731 | D:10     | Found a staircase to the Lair.
 14743 | D:10     | Found a white marble altar of Elyvilon.
 14853 | D:10     | Reached XP level 11. HP: 73/115 MP: 18/25
 14869 | D:10     | Reached skill level 10 in Fighting
 14869 | D:10     | Reached skill level 1 in Axes
 15219 | D:10     | Noticed a wizard
 15243 | D:10     | Killed a wizard
 15262 | D:10     | Noticed a large abomination
 15749 | D:11     | Reached skill level 1 in Shields
 15846 | D:11     | Noticed an oklob plant
 16359 | D:11     | Noticed a boulder beetle
 16486 | Lair:1   | Entered Level 1 of the Lair of Beasts
 16838 | Lair:1   | Reached skill level 5 in Shields
 18006 | D:1      | Bought a book of the Spheres for 594 gold pieces
 18012 | D:1      | Learned a level 5 spell: Fireball
 18301 | Lair:1   | Noticed a six-headed hydra
 18308 | Lair:1   | Found the +0 mask of the Dragon {Will+ Slay+3 SInv}
 19086 | Lair:1   | Killed a six-headed hydra
 19905 | Lair:1   | Reached XP level 12. HP: 96/126 MP: 14/26
 20189 | Lair:2   | Mangled by a manticore

Illustrated notes

Levels and vault maps discovered:
D:1:      shiori_arrival_maze, layout_basic, serial_shops,
          nicolae_shop_hallway_plus
D:2:      layout_loops_ring
D:3:      layout_rooms, lemuel_tele_altar, lightli_temple_of_fire,
          ebering_ecumenical_altar_petrified, kennysheep_small_spiral,
          nicolae_hexahallways, minmay_misc_feat_four_crosses, uniq_natasha
D:4:      layout_loops_ring, temple_fountains
D:5:      layout_loops_ring, slow_altar_2, serial_shops, shop,
          hangedman_feature_mirror
D:6:      layout_loops_cross, nemelex_diamond_rough_becter,
          trog_ov_bears_minmay, nicolae_dithmenos_shadow_blocks, serial_shops,
          shop, gup_sewer_entry_spiral, enter_ossuary_4
D:7:      layout_rooms, mainiacjoe_overflow_boulevard, minmay_misc_feat_pillars,
          minmay_misc_feat_chi, abandoned_shop, minivault_23,
          minmay_ruined_shrine
D:8:      layout_layer_cave
D:9:      layout_loops_ring, david_orc_2
D:10:     layout_basic, nicolae_elyvilon_peaceful_grove, lair_entry_dummy,
          laboratory
D:11:     lemuel_slime, layout_long_grid
Lair:1:   layout_concentric_octagons, infiniplex_staircase_pool_2
Lair:2:   regret_index_wax_grids, layout_hall_layers,
          minmay_shoals_entry_beasts, spider_nest_entry_webs,
          ebering_ghost_disaster_area, kennysheep_rathole

Skill      XL: |  1  2  3  4  5  6  7  8  9 10 11 12 |
---------------+-------------------------------------+-----
Fighting       | 2 4 6 7 9 10 | 10.0
Spellcasting   | 3 4 5 6 8 10 | 10.0
Dodging        | 2 3 |  3.5
Fire Magic     | 4 5 6 7 9 |  9.0
Evocations     | 3 5 6 7 |  7.0
Conjurations   | 4 |  4.8
Axes           | 3 |  3.0
Shields        | 7 8 |  8.0
Stealth        | |  1.4

Action                   |  1- 3 |  4- 6 |  7- 9 | 10-12 || total
-------------------------+-------+-------+-------+-------++-------
Melee: Dagger            |    26 |       |    59 |     2 ||    87
       Hand axe          |       |       |       |    59 ||    59
 Fire: Sling             |       |       |       |    23 ||    23
 Cast: Foxfire           |    69 |    35 |     4 |     2 ||   110
       Scorch            |     9 |    38 |   130 |    44 ||   221
       Inner Flame       |       |     2 |     4 |     2 ||     8
       Summon Small Mamm |       |     2 |     4 |     1 ||     7
       Sticky Flame      |       |       |    25 |   122 ||   147
       Fireball          |       |       |       |    21 ||    21
Invok: Fiery Armour      |       |     1 |     1 |     3 ||     5
Evoke: Wand              |       |       |    11 |    10 ||    21
       Phantom mirror    |       |       |       |     1 ||     1
  Use: Scroll            |       |     3 |     7 |       ||    10
       Potion            |       |     3 |       |     2 ||     5
 Stab: Sleeping          |       |       |     1 |     1 ||     2
Armor: Robe              |    20 |    19 |    63 |    55 ||   157
Dodge: Dodged            |    21 |    16 |   116 |   135 ||   288
Block: Kite shield       |       |       |       |    18 ||    18
